AoeStats
← bert1028

Arena

508211364Analyzed
2v2 RM · 12d ago on Sep 21, 2026· 24m 51s· 4 players
Game mode
Random Map
Map size
Medium (4 player)
Population
200
Speed
Normal
Resources
Standard
Victory
Conquest
Starting age
Dark Age
Ending age
Imperial Age
RankedLock teamsTeams togetherTeam positionsShared explorationLock speedFull tech treeHidden civsTurbo modeCheats
Victory
Defeat
🇹🇼 Huns · Taiwan
1057
+15
🇹🇼 Sicilians · Taiwan
1055
+15
🇦🇷 Cumans · Argentina
1043
-15
🇵🇱 Byzantines · Poland
1037
-15
arga58
11:08 Feudal Age
10:45 Loom
17:47 Castle Age
19:03 Double-Bit Axe
27:00 Imperial Age
diegoperezprofe
7:44 Loom
11:05 Feudal Age
16:49 Castle Age
bert1028
11:29 Feudal Age
15:28 Castle Age
13:44 Double-Bit Axe
13:47 Horse Collar
20:37 Scale Mail Armor
21:09 First Crusade
22:06 Squires
22:53 Chain Mail Armor
23:00 Arson
25:25 Forging
Doge
11:13 Feudal Age
15:03 Castle Age
13:39 Horse Collar
13:47 Double-Bit Axe
16:11 Bow Saw
16:54 Heavy Plow
22:28 Fletching
Connection lost

Rejoining the realm…

Still unreachable

The connection could not be restored.

Session expired

The server has moved on; the page needs a fresh start.